[Event "Hastings International Chess Congress"]
[Site "?"]
[Date "2014.01.02"]
[Round "6.1"]
[White "Chlost, Marlena"]
[Black "Strugnell, Carl"]
[Result "1/2-1/2"]
[ECO "B47"]
[WhiteElo "2167"]
[BlackElo "2291"]
[PlyCount "103"]
[EventDate "2014.??.??"]
[TimeControl "6600+1020"]
[WhiteClock "0:36:01"]
[BlackClock "0:23:45"]

1. e4 c5 2. Nf3 e6 3. d4 cxd4 4. Nxd4 Nc6 5. Nc3 Qc7 6. Be2 a6 7. O-O Nf6 8.
Be3 Be7 9. f4 d6 10. Kh1 O-O 11. Qe1 Bd7 12. Qg3 b5 13. a3 Na5 14. e5 Ne8 15.
Rad1 Nc4 16. Bxc4 bxc4 17. f5 dxe5 18. fxe6 exd4 19. Nd5 Qxg3 20. Nxe7+ Kh8 21.
hxg3 dxe3 22. Rxd7 Nf6 23. Rd4 Rae8 24. Nf5 Rxe6 25. Re1 g6 26. Nd6 c3 27. bxc3
Kg7 28. c4 Re5 29. c3 Rb8 30. g4 h5 31. gxh5 gxh5 32. Rf4 Kg6 33. c5 Ng4 34. c6
Rc5 35. Rc4 Rbb5 36. a4 Rxc4 37. Nxc4 Rc5 38. Nxe3 Nxe3 39. Rxe3 Rxc6 40. Rd3
f6 41. Rd5 f5 42. Kh2 Kg5 43. a5 h4 44. c4 Rxc4 45. Rd6 Rc2 46. Rxa6 f4 47. Kg1
h3 48. gxh3 Ra2 49. Kf1 Kh4 50. Rg6 Kxh3 51. a6 Kh4 52. Rg8 1/2-1/2

[Event "Hastings International Chess Congress"]
[Site "?"]
[Date "2014.01.02"]
[Round "6.2"]
[White "Prosviriakov, Vladimir"]
[Black "Burnett, Jim"]
[Result "1/2-1/2"]
[ECO "A13"]
[WhiteElo "2282"]
[BlackElo "2138"]
[PlyCount "51"]
[EventDate "2014.??.??"]
[TimeControl "6600+895"]
[WhiteClock "0:32:31"]
[BlackClock "0:29:32"]

1. c4 e6 2. Nf3 d5 3. b3 Nf6 4. g3 Be7 5. Bg2 O-O 6. O-O c6 7. d4 Nbd7 8. Bb2
b6 9. Nbd2 Bb7 10. Qc2 Rc8 11. e4 c5 12. e5 Ne8 13. dxc5 Nxc5 14. Rfd1 Qc7 15.
Rac1 dxc4 16. Qxc4 Bd5 17. Qe2 Qb8 18. Nc4 Nc7 19. Nd6 Rcd8 20. Nh4 Bxh4 21.
gxh4 Bxg2 22. Kxg2 Nd5 23. Qg4 Qa8 24. Kh3 f5 25. exf6 Nxf6 26. Qg2 1/2-1/2

[Event "Hastings International Chess Congress"]
[Site "?"]
[Date "2014.01.02"]
[Round "6.3"]
[White "Kvisla, Johannes Luangtep"]
[Black "Jackson, James P"]
[Result "1/2-1/2"]
[ECO "A04"]
[WhiteElo "2149"]
[BlackElo "2282"]
[PlyCount "102"]
[EventDate "2014.??.??"]
[TimeControl "6600+1090"]
[WhiteClock "1:47:49"]
[BlackClock "0:34:02"]

1. Nf3 c5 2. c4 Nc6 3. d4 cxd4 4. Nxd4 Nf6 5. Nc3 g6 6. e4 d6 7. Nc2 Bg7 8. Be2
O-O 9. O-O Nd7 10. Bd2 a5 11. Qc1 Nd4 12. Nxd4 Bxd4 13. Be3 Bg7 14. Bh6 Ne5 15.
Bxg7 Kxg7 16. Qe3 Nc6 17. Rfd1 b6 18. f4 f6 19. Nb5 Rb8 20. Bf3 Bd7 21. e5 fxe5
22. Bxc6 Bxc6 23. fxe5 Bxb5 24. cxb5 Rf5 25. exd6 exd6 26. Rac1 Rb7 27. Qd4+
Qf6 28. Qxf6+ Kxf6 29. Rxd6+ Ke7 30. Rd4 Rxb5 31. Re1+ Kf7 32. Re2 Rf5 33. Rf2
Ke6 34. Rxf5 Kxf5 35. Kf2 Rc7 36. Kf3 Ke5 37. Rd2 Rc1 38. g3 Ra1 39. a3 Rc1 40.
Ke3 a4 41. Rf2 Rc5 42. Kd3 Rb5 43. Kc2 Rb3 44. Rf4 b5 45. Rh4 h5 46. g4 hxg4
47. Rxg4 Kf6 48. h4 Rf3 49. Rb4 Rf5 50. Kd3 Ke6 51. Ke3 Kf6 1/2-1/2

[Event "Hastings International Chess Congress"]
[Site "?"]
[Date "2014.01.02"]
[Round "6.8"]
[White "Fernandez, Michael"]
[Black "Anderson, John"]
[Result "1-0"]
[ECO "C33"]
[WhiteElo "1975"]
[BlackElo "2195"]
[PlyCount "73"]
[EventDate "2014.??.??"]
[TimeControl "6600+2515"]
[WhiteClock "0:06:45"]
[BlackClock "0:04:23"]

1. e4 e5 2. f4 exf4 3. Bc4 d5 4. exd5 Qh4+ 5. Kf1 f3 6. d3 fxg2+ 7. Kxg2 Bd6 8.
Nc3 Nf6 9. Qf3 Bg4 10. Qe3+ Kd8 11. Qg5 Qe1 12. Qxg7 Rg8 13. Bg5 Rxg7 14. Bxf6+
Be7 15. Rxe1 Bxf6 16. Nf3 Nd7 17. Rhg1 Bh5+ 18. Kf2 Rxg1 19. Rxg1 Ke7 20. Re1+
Kf8 21. Ne4 Bg7 22. d6 c6 23. Neg5 h6 24. Re7 hxg5 25. Rxd7 b5 26. Bb3 Bf6 27.
d4 a5 28. a4 Rb8 29. axb5 cxb5 30. Ne5 a4 31. Bd5 Bxe5 32. dxe5 Re8 33. Bc6
Rxe5 34. Rd8+ Kg7 35. d7 Re2+ 36. Kf1 Rd2 37. Re8 1-0

[Event "Hastings International Chess Congress"]
[Site "?"]
[Date "2014.01.02"]
[Round "6.10"]
[White "Ledger, Dave J"]
[Black "Obsieger, Hendrik"]
[Result "1-0"]
[ECO "C18"]
[WhiteElo "2246"]
[BlackElo "1873"]
[PlyCount "81"]
[EventDate "2014.??.??"]
[TimeControl "6600+1275"]
[WhiteClock "0:02:25"]
[BlackClock "0:03:03"]

1. e4 e6 2. d4 d5 3. Nc3 Bb4 4. e5 c5 5. a3 Bxc3+ 6. bxc3 Ne7 7. Qg4 Qc7 8.
Qxg7 Rg8 9. Qxh7 cxd4 10. Ne2 Nbc6 11. f4 dxc3 12. Qd3 d4 13. Nxd4 Nxd4 14.
Qxd4 Nf5 15. Qf2 Bd7 16. Rg1 Qc6 17. Bd3 Qd5 18. Rb1 Bc6 19. Rb4 Rd8 20. Rc4
Nd4 21. Rxc3 Qa5 22. Bd2 Qb6 23. Be3 Rd7 24. Rc4 Qa5+ 25. Qd2 Qd8 26. Qc3 Nb5
27. Qb2 Qh4+ 28. Bf2 Qxh2 29. a4 Na3 30. Qxa3 Rxg2 31. Rxg2 Qxg2 32. Qc5 f5 33.
exf6 Kf7 34. Qh5+ Kxf6 35. Bh4+ Kg7 36. Qh7+ Kf8 37. Qh8+ Kf7 38. Qf6+ Kg8 39.
Qxe6+ Kf8 40. Qf6+ Kg8 41. Qg5+ 1-0

[Event "Hastings International Chess Congress"]
[Site "?"]
[Date "2014.01.02"]
[Round "6.11"]
[White "Repplinger, Marc"]
[Black "Young, Mel J"]
[Result "1-0"]
[ECO "A04"]
[WhiteElo "2245"]
[BlackElo "1902"]
[PlyCount "49"]
[EventDate "2014.??.??"]
[TimeControl "6600+905"]
[WhiteClock "0:36:13"]
[BlackClock "0:21:50"]

1. Nf3 f5 2. d3 Nf6 3. e4 d6 4. Nc3 Nc6 5. g3 e5 6. exf5 Bxf5 7. d4 Nxd4 8.
Nxd4 exd4 9. Qxd4 Qe7+ 10. Be3 Ne4 11. Bg2 Nxc3 12. Qxc3 c6 13. O-O Qd7 14.
Bxa7 Kf7 15. Bd4 h5 16. Rfe1 h4 17. Re2 Rh6 18. Rae1 Kg8 19. a3 hxg3 20. fxg3
d5 21. Bc5 Qc7 22. Re8 Rxe8 23. Rxe8 Rf6 24. Bxf8 Rxf8 25. Bxd5+ 1-0

[Event "Hastings International Chess Congress"]
[Site "?"]
[Date "2014.01.02"]
[Round "6.12"]
[White "Pickersgill, Adrian O"]
[Black "Snape, Ian L"]
[Result "1/2-1/2"]
[ECO "B07"]
[WhiteElo "1988"]
[BlackElo "2229"]
[PlyCount "66"]
[EventDate "2014.??.??"]
[TimeControl "6600+2030"]
[WhiteClock "0:05:27"]
[BlackClock "0:10:01"]

1. e4 d6 2. d4 Nf6 3. Nc3 e5 4. dxe5 dxe5 5. Qxd8+ Kxd8 6. Bg5 Be6 7. O-O-O+
Nbd7 8. Nf3 Bd6 9. Bb5 Kc8 10. Nd2 h6 11. Bh4 g5 12. Bg3 Kd8 13. f3 a6 14. Bc4
b5 15. Bxe6 fxe6 16. Nb3 b4 17. Na4 Ke7 18. Bf2 g4 19. h3 gxf3 20. gxf3 Nh5 21.
Bh4+ Kf7 22. Na5 Ndf6 23. Nc4 Rad8 24. Nab6 Nf4 25. Nxd6+ Rxd6 26. Nc4 Rxd1+
27. Rxd1 Nxh3 28. Nxe5+ Kg7 29. Rh1 Nf4 30. Rg1+ Kh7 31. Rd1 Kg7 32. Rg1+ Kh7
33. Rd1 Kg7 1/2-1/2

[Event "Hastings International Chess Congress"]
[Site "?"]
[Date "2014.01.02"]
[Round "6.13"]
[White "Kett, Tim"]
[Black "Macrae, James S"]
[Result "1-0"]
[ECO "B00"]
[WhiteElo "2223"]
[BlackElo "1736"]
[PlyCount "53"]
[EventDate "2014.??.??"]
[TimeControl "6600+860"]
[WhiteClock "0:24:38"]
[BlackClock "0:21:36"]

1. e4 Nc6 2. d4 d5 3. e5 Bf5 4. Nf3 e6 5. g3 Be7 6. Bg2 h5 7. O-O Nh6 8. c3 h4
9. Nbd2 hxg3 10. hxg3 Ng4 11. b4 Nb8 12. Qe2 c6 13. a4 Nd7 14. Ba3 a5 15. b5
Bxa3 16. Rxa3 cxb5 17. Qxb5 Qb6 18. c4 Qxb5 19. axb5 b6 20. Nh4 Bh7 21. cxd5
exd5 22. Bxd5 Rc8 23. Nc4 Ke7 24. Nd6 Rc2 25. Nxf7 Rhc8 26. Ng5 Bg8 27. Ng6+
1-0

[Event "Hastings International Chess Congress"]
[Site "?"]
[Date "2014.01.02"]
[Round "6.14"]
[White "Othman, Mustapha"]
[Black "Bianco, Valerio"]
[Result "1-0"]
[ECO "B63"]
[WhiteElo "1914"]
[BlackElo "2151"]
[PlyCount "109"]
[EventDate "2014.??.??"]
[TimeControl "6600+1340"]
[WhiteClock "0:53:11"]
[BlackClock "0:19:57"]

1. e4 c5 2. Nf3 d6 3. d4 cxd4 4. Nxd4 Nf6 5. Nc3 Nc6 6. Bg5 e6 7. Qd2 Be7 8.
O-O-O Nxd4 9. Qxd4 O-O 10. f4 Qa5 11. Bc4 h6 12. Bh4 e5 13. Qd3 exf4 14. Bxf6
Bxf6 15. Nd5 Be5 16. Rdf1 Be6 17. Nxf4 Bxc4 18. Qxc4 Rac8 19. Qb3 Rc5 20. Nd3
Rc7 21. Rf3 Rfc8 22. Nb4 Rc4 23. a3 Bf6 24. Kb1 Qe5 25. Re1 Qe6 26. Nd5 Be5 27.
Re2 b6 28. Ref2 Bd4 29. Re2 Be5 30. Ref2 Bd4 31. Re2 Be5 32. h3 R8c5 33. g4 Kh7
34. Ka2 b5 35. c3 a5 36. Kb1 a4 37. Qa2 Rc6 38. Ref2 Rxe4 39. Rxf7 Qg6 40. R2f5
Re1+ 41. Kc2 Qe6 42. Re7 Qc8 43. Kd2 Re4 44. Qb1 Rcc4 45. Rfxe5 dxe5 46. Nf6+
Kg6 47. Nxe4 Qd8+ 48. Nd6+ Kf6 49. Rf7+ Ke6 50. Qg6+ Kd5 51. Qd3+ Ke6 52. Nxc4
Qxd3+ 53. Kxd3 bxc4+ 54. Kxc4 Kxf7 55. Kd5 1-0

[Event "Hastings International Chess Congress"]
[Site "?"]
[Date "2014.01.02"]
[Round "6.1"]
[White "Mchedlishvili, Mikheil"]
[Black "Pert, Nicholas"]
[Result "1/2-1/2"]
[ECO "D17"]
[WhiteElo "2649"]
[BlackElo "2554"]
[PlyCount "25"]
[EventDate "2014.??.??"]
[TimeControl "6600+775"]
[WhiteClock "1:07:52"]
[BlackClock "1:28:09"]

1. d4 d5 2. c4 c6 3. Nf3 Nf6 4. Nc3 dxc4 5. a4 Bf5 6. Ne5 Qc7 7. Nxc4 Na6 8. f3
Rd8 9. e4 Be6 10. Be3 Bxc4 11. Bxc4 e5 12. d5 Bc5 13. Bxc5 1/2-1/2

[Event "Hastings International Chess Congress"]
[Site "?"]
[Date "2014.01.02"]
[Round "6.2"]
[White "Ma, Qun"]
[Black "Tomczak, Jacek"]
[Result "1/2-1/2"]
[ECO "C09"]
[WhiteElo "2595"]
[BlackElo "2569"]
[PlyCount "40"]
[EventDate "2014.??.??"]
[TimeControl "6600+1425"]
[WhiteClock "0:34:24"]
[BlackClock "0:48:29"]

1. e4 e6 2. d4 d5 3. Nd2 c5 4. Ngf3 Nc6 5. exd5 exd5 6. Bb5 Bd6 7. O-O Nge7 8.
dxc5 Bxc5 9. Nb3 Bd6 10. Re1 O-O 11. c3 Bg4 12. Bg5 h6 13. Bh4 Re8 14. Be2 Qb6
15. Nfd4 Bxe2 16. Rxe2 Nxd4 17. Nxd4 Nc6 18. Nf5 Bf8 19. Nxh6+ gxh6 20. Rxe8
Rxe8 1/2-1/2

[Event "Hastings International Chess Congress"]
[Site "?"]
[Date "2014.01.02"]
[Round "6.3"]
[White "Arkell, Keith C"]
[Black "Gormally, Daniel W"]
[Result "1/2-1/2"]
[ECO "D02"]
[WhiteElo "2438"]
[BlackElo "2500"]
[PlyCount "30"]
[EventDate "2014.??.??"]
[TimeControl "6600+920"]
[WhiteClock "1:14:49"]
[BlackClock "1:12:13"]

1. d4 d5 2. Nf3 e6 3. c4 dxc4 4. Qa4+ Nd7 5. Bg5 Ngf6 6. Nc3 a6 7. Qxc4 b5 8.
Qd3 Bb7 9. g3 h6 10. Bxf6 Nxf6 11. Bg2 c5 12. O-O cxd4 13. Qxd4 Qxd4 14. Nxd4
Bxg2 15. Kxg2 Bc5 1/2-1/2

[Event "Hastings International Chess Congress"]
[Site "?"]
[Date "2014.01.02"]
[Round "6.4"]
[White "Fernandez, Daniel Howard"]
[Black "Khenkin, Igor"]
[Result "0-1"]
[ECO "D02"]
[WhiteElo "2381"]
[BlackElo "2598"]
[PlyCount "58"]
[EventDate "2014.??.??"]
[TimeControl "6600+1515"]
[WhiteClock "0:48:44"]
[BlackClock "0:09:35"]

1. d4 d5 2. Nf3 Nf6 3. c4 e6 4. g3 dxc4 5. Qa4+ Nbd7 6. Qxc4 a6 7. Bg2 b5 8.
Qc6 Ra7 9. O-O Bb7 10. Qc2 c5 11. dxc5 Bxc5 12. b4 Bxb4 13. a4 bxa4 14. Qxa4 a5
15. Ba3 Ra6 16. Rd1 Bc6 17. Qc2 Bxa3 18. Nxa3 O-O 19. Nc4 Bd5 20. Rd4 Qa8 21.
Qd2 a4 22. Ne3 Nc5 23. Ng4 Nfe4 24. Qf4 Nb3 25. Rxe4 Bxe4 26. Rd1 Bxf3 27. Bxf3
Qb8 28. Qg5 f6 29. Qh4 Rd6 0-1

[Event "Hastings International Chess Congress"]
[Site "?"]
[Date "2014.01.02"]
[Round "6.7"]
[White "Mu, Ke"]
[Black "Hawkins, Jonathan"]
[Result "0-1"]
[ECO "E69"]
[WhiteElo "2302"]
[BlackElo "2512"]
[Annotator "Doe,John"]
[PlyCount "178"]
[EventDate "2014.??.??"]
[TimeControl "6600+1345"]
[WhiteClock "0:05:41"]
[BlackClock "0:50:49"]

1. c4 Nf6 2. Nf3 g6 3. Nc3 Bg7 4. g3 O-O 5. Bg2 d6 6. d4 Nbd7 7. O-O e5 8. e4
c6 9. h3 Qb6 10. Re1 exd4 11. Nxd4 Ne8 12. Nb3 a5 13. Be3 Qb4 14. Nd4 a4 15. a3
Qa5 16. Qe2 Nc5 17. Rad1 Nc7 18. f4 Re8 19. Qf2 Qa6 20. Kh2 N5e6 21. f5 Nc5 22.
Bf4 Be5 23. Bxe5 dxe5 24. Nf3 Nd7 25. Rd6 Qxc4 26. Qd2 f6 27. Rxd7 Bxd7 28.
Qxd7 Qf7 29. Rd1 Re7 30. Qd2 Kg7 31. Qc2 b5 32. Rd6 Ra6 33. Ne2 Qe8 34. Qd2 c5
35. Rxa6 Nxa6 36. Qd6 Ra7 37. Nc3 Qd7 38. Qb6 Qb7 39. Qxb5 Qxb5 40. Nxb5 Rb7
41. Bf1 Nb8 42. fxg6 hxg6 43. Kg2 Nc6 44. Nd2 Na7 45. Nxa7 Rxb2 46. Kf3 Rxd2
47. Nb5 Rc2 48. Be2 f5 49. Ke3 Kf6 50. Bd1 Rh2 51. exf5 gxf5 52. h4 Rh3 53. Kf2
f4 54. gxf4 exf4 55. Bxa4 Ke5 56. Bd1 Rh2+ 57. Kg1 Rb2 58. Ba4 f3 59. h5 Rg2+
60. Kf1 Rh2 61. Nc3 Rxh5 62. Bc6 Kf4 63. a4 Rh1+ 64. Kf2 Rh2+ 65. Ke1 Rc2 66.
Nd5+ Kg3 67. Kd1 Rb2 68. Bb5 f2 69. Ne3 Kf4 70. Nf1 Ke5 71. Ng3 Rb3 72. Nf1 Kd4
73. Nd2 Ra3 74. Ke2 Ra2 75. Kd1 Ke3 76. Nf1+ Ke4 77. Nd2+ Kd4 78. Kc1 Kc3 79.
Ne4+ Kb4 80. Nd2 Ra3 81. Kd1 Re3 82. Ba6 Kc3 83. Be2 Re5 84. Nf3 Rf5 85. Nh2
Rd5+ 86. Kc1 Rd2 87. Bf1 Rd4 88. a5 Re4 89. Kb1 Rh4 0-1

[Event "Hastings International Chess Congress"]
[Site "?"]
[Date "2014.01.02"]
[Round "6.1"]
[White "Wegerle, Joerg"]
[Black "Knott, Simon J B"]
[Result "1-0"]
[ECO "C15"]
[WhiteElo "2431"]
[BlackElo "2317"]
[PlyCount "79"]
[EventDate "2014.??.??"]
[TimeControl "6600+985"]
[WhiteClock "0:00:46"]
[BlackClock "0:09:45"]

1. e4 e6 2. d4 d5 3. Nc3 Bb4 4. exd5 exd5 5. Qf3 Qe7+ 6. Nge2 Nf6 7. Bg5 Qe4 8.
Bxf6 Qxf3 9. gxf3 gxf6 10. a3 Bxc3+ 11. Nxc3 c6 12. Bd3 Be6 13. Nd1 Nd7 14. Ne3
c5 15. c3 Ke7 16. dxc5 Nxc5 17. Bc2 f5 18. O-O-O Rad8 19. b4 f4 20. Ng2 Nd7 21.
Nxf4 Nf6 22. Rhe1 Rd6 23. Kb2 Rhd8 24. Ne2 a6 25. Nd4 Kf8 26. Re5 Bc8 27. Ba4
Bd7 28. Bb3 Bc8 29. Nc2 Be6 30. Rd4 Nd7 31. Rh5 Nf6 32. Rg5 h6 33. Rg1 Nd7 34.
Re1 Nb8 35. Rh4 Bc8 36. Nd4 Nc6 37. Bc2 Rf6 38. Re3 Re8 39. Nxc6 bxc6 40. f4
1-0

[Event "Hastings International Chess Congress"]
[Site "?"]
[Date "2014.01.02"]
[Round "6.3"]
[White "Rayner, Francis"]
[Black "Cherniaev, Alexander"]
[Result "0-1"]
[ECO "B15"]
[WhiteElo "2192"]
[BlackElo "2434"]
[PlyCount "70"]
[EventDate "2014.??.??"]
[TimeControl "6600+715"]
[WhiteClock "0:00:46"]
[BlackClock "0:33:53"]

1. e4 c6 2. d4 d5 3. Nc3 g6 4. h3 Bg7 5. Nf3 Nh6 6. Bf4 f6 7. exd5 cxd5 8. Bb5+
Nc6 9. O-O Nf7 10. Re1 O-O 11. Qe2 e6 12. Rad1 a6 13. Ba4 b5 14. Bb3 Na5 15.
Nb1 Re8 16. Rd3 Nxb3 17. axb3 e5 18. dxe5 fxe5 19. Nxe5 Nxe5 20. Re3 d4 21.
Rxe5 Bxe5 22. Bxe5 Bb7 23. f4 Rc8 24. Rd1 Qd5 25. Na3 Rcd8 26. Qf2 Qe4 27. Rd3
Rf8 28. h4 Qf5 29. Rxd4 Rxd4 30. Qxd4 Qg4 31. Qd2 Kf7 32. Bc3 Rd8 33. Qf2 Bxg2
34. Qxg2 Rd1+ 35. Kh2 Qxh4+ 0-1

[Event "Hastings International Chess Congress"]
[Site "?"]
[Date "2014.01.02"]
[Round "6.4"]
[White "Foisor, Ovidiu-Doru"]
[Black "Schuster, Martin"]
[Result "1/2-1/2"]
[ECO "E32"]
[WhiteElo "2397"]
[BlackElo "2209"]
[PlyCount "29"]
[EventDate "2014.??.??"]
[TimeControl "6600+1535"]
[WhiteClock "0:39:42"]
[BlackClock "0:58:26"]

1. d4 Nf6 2. c4 e6 3. Nc3 Bb4 4. Qc2 O-O 5. a3 Bxc3+ 6. Qxc3 d5 7. b4 a5 8. b5
c5 9. e3 cxd4 10. exd4 dxc4 11. Bxc4 b6 12. Ne2 Bb7 13. O-O Nbd7 14. Bf4 Rc8
15. Rac1 1/2-1/2

[Event "Hastings International Chess Congress"]
[Site "?"]
[Date "2014.01.02"]
[Round "6.6"]
[White "Kipper, Jens"]
[Black "Brown, Thomas"]
[Result "1-0"]
[ECO "B38"]
[WhiteElo "2378"]
[BlackElo "2088"]
[PlyCount "71"]
[EventDate "2014.??.??"]
[TimeControl "6600+1330"]
[WhiteClock "0:03:28"]
[BlackClock "0:03:01"]

1. Nf3 c5 2. c4 Nc6 3. d4 cxd4 4. Nxd4 g6 5. e4 Bg7 6. Be3 d6 7. Nc3 Nf6 8. Be2
O-O 9. O-O Nxd4 10. Bxd4 Bd7 11. Qd2 Bc6 12. Bd3 e6 13. Rad1 d5 14. cxd5 exd5
15. e5 Ne4 16. Bxe4 dxe4 17. Qf4 Qa5 18. Nxe4 Qxa2 19. Nf6+ Bxf6 20. exf6 Qd5
21. f3 Qh5 22. Rfe1 g5 23. Qd2 Qg6 24. Re5 h6 25. Rde1 Qxf6 26. Qf2 Qg6 27. h4
Rfe8 28. hxg5 Rxe5 29. Rxe5 Re8 30. Qe3 Re6 31. Qf4 h5 32. Bc3 Rxe5 33. Qxe5
Kf8 34. Qb8+ Ke7 35. Bf6+ Ke6 36. Qe5+ 1-0

[Event "Hastings International Chess Congress"]
[Site "?"]
[Date "2014.01.02"]
[Round "6.7"]
[White "Eames, Robert S"]
[Black "Foisor, Cristina-Adela"]
[Result "0-1"]
[ECO "B28"]
[WhiteElo "2195"]
[BlackElo "2355"]
[PlyCount "56"]
[EventDate "2014.??.??"]
[TimeControl "6600+915"]
[WhiteClock "0:06:56"]
[BlackClock "0:26:57"]

1. e4 c5 2. Nf3 a6 3. d4 cxd4 4. c3 d3 5. c4 g6 6. Bxd3 Bg7 7. O-O Nc6 8. Nc3
d6 9. h3 Nf6 10. Be3 O-O 11. Rc1 Bd7 12. Qd2 Qa5 13. c5 Be6 14. cxd6 exd6 15.
Ng5 d5 16. Nxe6 fxe6 17. Bh6 Bxh6 18. Qxh6 Ne5 19. Bb1 d4 20. Ne2 Rad8 21. Rfd1
d3 22. Ng3 Qb6 23. Rc3 Nfg4 24. hxg4 Qxf2+ 25. Kh1 Qxg3 26. Rc7 Nf7 27. Qc1 d2
28. Qc3 Qxc3 0-1

[Event "Hastings International Chess Congress"]
[Site "?"]
[Date "2014.01.02"]
[Round "6.8"]
[White "Erzhanov, Arman"]
[Black "Helmer, Christoph"]
[Result "1-0"]
[ECO "B06"]
[WhiteElo "2325"]
[BlackElo "2037"]
[PlyCount "126"]
[EventDate "2014.??.??"]
[TimeControl "6600+935"]
[WhiteClock "0:04:37"]
[BlackClock "0:33:40"]

1. e4 g6 2. d4 Bg7 3. c3 d6 4. f4 e5 5. Nf3 exf4 6. Bxf4 Nf6 7. Bd3 O-O 8. O-O
Nh5 9. Bg5 Bf6 10. Bh6 Bg7 11. Bg5 Bf6 12. Be3 Nc6 13. Nbd2 a6 14. b4 Qe7 15.
Qe2 Bg7 16. Bg5 f6 17. Be3 f5 18. Bg5 Bf6 19. Bh6 Bg7 20. Bc4+ Kh8 21. Bg5 Bf6
22. Bxf6+ Nxf6 23. e5 dxe5 24. d5 Nd8 25. Nxe5 Re8 26. Rfe1 Kg7 27. Qf2 Qd6 28.
Ndf3 b5 29. Bb3 Bb7 30. Rad1 Ne4 31. Qd4 Kg8 32. c4 bxc4 33. Nxc4 Qxb4 34. Ng5
Qb5 35. d6 Nc6 36. d7 Nxd4 37. Nd6+ Nxb3 38. dxe8=Q+ Rxe8 39. Nxb5 axb5 40.
axb3 Ra8 41. Ne6 Ra2 42. Nxc7 Rb2 43. Nxb5 Ba6 44. Nd4 Kf7 45. Rb1 Rxb1 46.
Rxb1 Kf6 47. Ra1 Bb7 48. Ra7 Bd5 49. Rxh7 Ng5 50. Rh6 Nf7 51. Rh3 Ke5 52. Ne2
f4 53. Rd3 g5 54. h3 Nd6 55. b4 Bc4 56. Rd2 Ne4 57. Rb2 Bb5 58. Rc2 Bd3 59. Rb2
Bb5 60. Rc2 Bd3 61. Ra2 Kd5 62. Kh2 Kc4 63. Rb2 Nd6 1-0

[Event "Hastings International Chess Congress"]
[Site "?"]
[Date "2014.01.02"]
[Round "6.9"]
[White "Haria, Ravi"]
[Black "Harvey, Marcus R"]
[Result "1/2-1/2"]
[ECO "C07"]
[WhiteElo "2160"]
[BlackElo "2269"]
[PlyCount "131"]
[EventDate "2014.??.??"]
[TimeControl "6600+1100"]
[WhiteClock "0:00:37"]
[BlackClock "1:06:08"]

1. e4 e6 2. d4 d5 3. Nd2 c5 4. Ngf3 cxd4 5. Nxd4 Nc6 6. Bb5 Bd7 7. Nxc6 Bxc6 8.
Bxc6+ bxc6 9. c4 Nf6 10. Qe2 Qb6 11. O-O Bb4 12. e5 Nd7 13. Nf3 Qa6 14. Be3
Qxc4 15. Qxc4 dxc4 16. a3 Be7 17. Rac1 Nb6 18. Nd2 Kd7 19. Nxc4 Nd5 20. Na5
Rhc8 21. Bc5 Bd8 22. Nc4 Rcb8 23. Rc2 Rb3 24. Rd1 f6 25. Re2 Bb6 26. Bxb6 axb6
27. Re3 Rxe3 28. fxe3 Kc7 29. e4 Ne7 30. Rd6 Nc8 31. Rd3 b5 32. Nd2 fxe5 33.
Nf3 Nd6 34. Ng5 Re8 35. Nxh7 Nxe4 36. Re3 Nf6 37. Ng5 Nd7 38. Nf7 Nc5 39. Nxe5
Rd8 40. Re2 Rd1+ 41. Kf2 Kd6 42. Nf3 Nd3+ 43. Ke3 Kd5 44. b3 e5 45. Rd2 Rxd2
46. Nxd2 Ne1 47. g4 Nc2+ 48. Kd3 Nxa3 49. h4 c5 50. h5 c4+ 51. bxc4+ bxc4+ 52.
Kc3 Nb5+ 53. Kb4 Nd6 54. g5 Nf7 55. h6 Nxh6 56. gxh6 gxh6 57. Nxc4 Kd4 58. Kb3
h5 59. Nd2 Kd3 60. Nf3 e4 61. Ne5+ Ke2 62. Kc3 e3 63. Kd4 h4 64. Ke4 h3 65. Ng4
Kd2 66. Nxe3 1/2-1/2

[Event "Hastings International Chess Congress"]
[Site "?"]
[Date "2014.01.02"]
[Round "6.10"]
[White "Stewart, Neil"]
[Black "Taylor, Adam C"]
[Result "1-0"]
[ECO "A10"]
[WhiteElo "2258"]
[BlackElo "2025"]
[PlyCount "111"]
[EventDate "2014.??.??"]
[TimeControl "6600+1570"]
[WhiteClock "0:52:50"]
[BlackClock "0:44:34"]

1. c4 b6 2. Nc3 Bb7 3. e4 e5 4. Nf3 Nc6 5. Be2 Nf6 6. O-O Bc5 7. d3 h6 8. Rb1
a5 9. a3 d6 10. Bd2 Qd7 11. Nh4 Ne7 12. b4 axb4 13. axb4 Bd4 14. Nb5 O-O 15.
Nxd4 exd4 16. b5 Ra3 17. Bc1 Ra2 18. Bb2 Qe6 19. Nf3 Ng6 20. Nxd4 Qe7 21. Nf5
Qe6 22. Bg4 Kh7 23. Nxg7 Qxg4 24. Bxf6 Qf4 25. Nh5 Qd2 26. Qxd2 Rxd2 27. Rfd1
Rc2 28. Rb2 Rxb2 29. Bxb2 Ne5 30. Bxe5 dxe5 31. Ra1 Rd8 32. Ra3 c6 33. bxc6
Bxc6 34. Kf1 b5 35. cxb5 Bxb5 36. Nf6+ Kg7 37. Nd5 Rc8 38. Ne3 Bd7 39. Nc4 Bb5
40. Nxe5 Re8 41. Nc4 Bxc4 42. dxc4 Rxe4 43. Rc3 Re6 44. c5 Rc6 45. Ke2 Kf6 46.
Kd3 Ke5 47. Kc4 Rg6 48. Re3+ Kf4 49. g3+ Kg4 50. Kd5 Rf6 51. Re4+ Kh3 52. Rf4
Rxf4 53. gxf4 f5 54. c6 h5 55. c7 Kg4 56. Ke5 1-0

[Event "Hastings International Chess Congress"]
[Site "?"]
[Date "2014.01.02"]
[Round "6.12"]
[White "Mannion, Stephen R"]
[Black "Lenier, Jude A"]
[Result "1/2-1/2"]
[ECO "C88"]
[WhiteElo "2375"]
[BlackElo "2082"]
[PlyCount "94"]
[EventDate "2014.??.??"]
[TimeControl "6600+2085"]
[WhiteClock "0:27:29"]
[BlackClock "0:52:04"]

1. e4 e5 2. Nf3 Nc6 3. Bb5 a6 4. Ba4 Nf6 5. O-O Be7 6. Re1 b5 7. Bb3 O-O 8. d4
Nxd4 9. Nxd4 exd4 10. e5 Ne8 11. c3 dxc3 12. Nxc3 d6 13. Nd5 dxe5 14. Rxe5 Be6
15. Nxe7+ Qxe7 16. Qe2 Nd6 17. Bg5 Qe8 18. Bc2 Qd7 19. Re1 Rae8 20. Qh5 Bf5 21.
Bb3 Rxe5 22. Rxe5 Bg4 23. Qh4 Nc4 24. Re7 Re8 25. Rxe8+ Qxe8 26. h3 Qe1+ 27.
Kh2 Be6 28. Bf4 f6 29. Qh5 Bf7 30. Qc5 Ne5 31. Bxf7+ Kxf7 32. Qxc7+ Kf8 33.
Qd6+ Kf7 34. Be3 Qe2 35. Qd5+ Kg6 36. Qe4+ Kf7 37. Qb7+ Kg6 38. Qxa6 Qxb2 39.
Qe6 h6 40. Qd5 Nc4 41. Bd4 Qxa2 42. Qxb5 Qc2 43. Qe8+ Kh7 44. Qf7 Qd3 45. Bxf6
Qd6+ 46. Kg1 Qd1+ 47. Kh2 Qd6+ 1/2-1/2
[/pgn]

[DOWNLOAD]